 Dungeon Crawl Stone Soup version 0.22.0-1-g6561e4c (webtiles) character file.

1140 Lew the Chopper (level 8, -1/51 HPs)
             Began as a Gargoyle Fighter on Aug 12, 2018.
             Slain by a centaur zombie (4 damage)
             ... on level 7 of the Dungeon.
             The game lasted 00:14:17 (4770 turns).

Lew the Chopper (Gargoyle Fighter)                  Turns: 4770, Time: 00:14:18

Health: -1/51      AC: 13    Str: 20    XL:     8   Next: 37%
Magic:  8/8        EV:  7    Int:  9    God:
Gold:   403        SH: 12    Dex: 11    Spells: 7/7 levels left

rFire    . . .     SeeInvis .   a - +0 war axe
rCold    . . .     Gourm    .   c - +2 shield
rNeg     + . .     Faith    .   b - +0 scale mail
rPois    ∞         Spirit   .   (no helmet)
rElec    +         Reflect  .   (no cloak)
rCorr    .         Harm     +   (no gloves)
MR       .....                  (no boots)
Stlth    ..........             u - amulet of harm
HPRegen  0.17/turn              n - ring of wizardry
MPRegen  0.11/turn              (no ring)

@: no status effects
A: negative energy resistance 1, electricity resistance, unbreathing,
petrification resistance, rot immunity, AC +5
a: no special abilities


You were on level 7 of the Dungeon.
You were hungry.

You visited 2 branches of the dungeon, and saw 9 of its levels.

You collected 403 gold pieces.

Inventory:

Hand Weapons
 a - a +0 war axe (weapon)
Missiles
 s - an exploding tomahawk (quivered)
Armour
 b - a +0 scale mail (worn)
 c - a +2 shield (worn)
Jewellery
 i - an uncursed amulet of rage
 n - a ring of wizardry (left hand)
 u - an amulet of harm (around neck)
Wands
 m - a wand of flame (26)
 q - a wand of paralysis (14)
Scrolls
 e - 3 scrolls of remove curse
 g - 2 scrolls of immolation
 l - a scroll of identify
 p - a scroll of enchant weapon {unknown}
Potions
 d - a potion of might
 j - a potion of ambrosia
 k - 5 potions of curing
Comestibles
 f - 6 rations


   Skills:
 + Level 5.7 Fighting
 * Level 5.8 Axes
 + Level 5.7 Armour
 + Level 5.7 Shields


You had 7 spell levels left.
You didn't know any spells.
Your spell library contained the following spells:

 Spells                   Type           Power        Failure   Level  Hunger
 Confuse                  Hex            #.......     98%         3    ####...
 Tukima's Dance           Hex            #.......     98%         3    ####...
 Ensorcelled Hibernation  Hex/Ice        #.....       88%         2    ###....
 Corona                   Hex            #......      77%         1    ##.....
 Dazzling Spray           Conj/Hex       #.....       98%         3    ####...


Dungeon Overview and Level Annotations

Branches:
Dungeon (8/15)             Temple (1/1) D:5
   Lair: D:8-11

Altars:
Ashenzari
Cheibriados
Dithmenos
Elyvilon
Fedhas
Gozag
Hepliaklqana
Kikubaaqudgha
Makhleb
Nemelex Xobeh
Okawaru
Qazlal
Ru
Sif Muna
Trog
Uskayaw
Vehumet
Wu Jian
Yredelemnul
Zin
The Shining One


Innate Abilities, Weirdness & Mutations

You are resistant to torment.
Your stone body is resilient. (AC +5)
You are immune to poison.
You resist negative energy. (rN+)
You are resistant to electric shocks. (rElec)
You can survive without breathing.
You are immune to petrification.
You are immune to rotting.


Message History

The centaur zombie hits you but does no damage.
An orc priest comes into view.
The orc priest shouts!
An orc comes into view. It is wielding a falchion.
An orc comes into view. It is wielding a mace.
The centaur zombie hits you but does no damage.
The orc priest calls down the wrath of Beogh upon you.
Beogh smites you!
* * * LOW HITPOINT WARNING * * *
You block the centaur zombie's attack. You block the centaur zombie's attack.
A howler monkey comes into view.
The howler monkey howls!
A howler monkey comes into view.
The howler monkey howls!
The howler monkey hoots and howls with incredible vigour!
A howler monkey comes into view.
An orc comes into view. It is wielding a flail.
The centaur zombie hits you.
You die...

#.# #.# #.# # #.# #.
#.#.#.##########
#.#.....oo...c.# #
###.#####.######Z#.#####
>.K......KK.o...@......h
.K#.####.o######.#...h.h
..#.# #..# #+#######
..#.# #oo# .K#.# #.o#
..#.. ...# ..### ##.#
..# .#


You could see a big kobold, a centaur, 3 howler monkeys, 2 orcs, a centaur
zombie and a kobold.

Vanquished Creatures
  A phantom (D:5)
  An orc warrior (D:8)
  2 bullfrogs
  2 scorpions
  A centaur zombie (D:8)
  A crimson imp (D:5)
  4 orc wizards
  An orc priest (D:5)
  3 hounds
  A jelly (D:5)
  2 bullfrog skeletons
  An iguana (D:4)
  3 worker ants
  Robin (D:2)
  A gnoll (D:1)
  6 adders
  An ooze (D:4)
  2 adder skeletons
  5 worms
  2 dart slugs
  4 leopard geckos
  16 orcs
  3 giant cockroaches
  15 goblins
  14 hobgoblins
  11 jackals
  7 kobolds
  8 quokkas
  9 bats
  11 frilled lizards
  A giant cockroach zombie (D:5)
  2 leopard gecko skeletons
  A quokka skeleton (D:5)
  7 rats
150 creatures vanquished.

Vanquished Creatures (others)
  7 fungi (D:8)
  A plant (D:8)
8 creatures vanquished.

Grand Total: 158 creatures vanquished

Notes
Turn   | Place    | Note
-------+----------+-------------------------------------------
     0 | D:1      | Lew the Gargoyle Fighter began the quest for the Orb.
     0 | D:1      | Reached XP level 1. HP: 14/14 MP: 1/1
   172 | D:1      | Reached XP level 2. HP: 19/19 MP: 2/2
   696 | D:1      | Reached XP level 3. HP: 20/23 MP: 3/3
  1162 | D:2      | Reached XP level 4. HP: 28/29 MP: 4/4
  1317 | D:2      | Noticed Robin
  1327 | D:2      | Killed Robin
  1486 | D:2      | Reached XP level 5. HP: 32/33 MP: 5/5
  2594 | D:4      | Reached XP level 6. HP: 35/38 MP: 6/6
  3430 | D:5      | Entered Level 5 of the Dungeon
  3444 | D:5      | Reached XP level 7. HP: 23/44 MP: 7/7
  3683 | D:5      | Found a snail-covered altar of Cheibriados.
  3735 | D:5      | Reached skill level 5 in Fighting
  3735 | D:5      | Reached skill level 5 in Armour
  3735 | D:5      | Reached skill level 5 in Shields
  3964 | D:5      | Found a staircase to the Ecumenical Temple.
  3987 | D:5      | Reached skill level 5 in Axes
  4064 | Temple   | Entered the Ecumenical Temple
  4545 | D:6      | Found an ancient bone altar of Kikubaaqudgha.
  4553 | D:6      | Reached XP level 8. HP: 49/49 MP: 8/8
  4565 | D:6      | You fall through a shaft for 2 floors!
  4597 | D:8      | Noticed a two-headed ogre
  4618 | D:8      | Noticed a four-headed hydra
  4763 | D:7      | HP: 2/51 [orc priest/divine providence (16)]
  4770 | D:7      | Slain by a centaur zombie

Skill      XL: |  1  2  3  4  5  6  7 |
---------------+----------------------+-----
Axes           | 2 3 4 5 |  5.8
Armour         | 4 5 |  5.7
Shields        | 4 5 |  5.7
Fighting       | 4 5 |  5.7

Action                   |  1- 3 |  4- 6 |  7- 9 || total
-------------------------+-------+-------+-------++-------
Melee: War axe           |   141 |   251 |   167 ||   559
 Abil: Evoke Berserk Rag |       |     1 |       ||     1
  Use: Scroll            |     3 |     1 |    12 ||    16
       Potion            |     2 |     2 |     3 ||     7
  Eat: Chunk             |     1 |     1 |     2 ||     4
       Ration            |       |     2 |     1 ||     3
Armor: Scale mail        |    99 |   198 |   109 ||   406
Dodge: Dodged            |    44 |    94 |    51 ||   189
Block: Shield            |    89 |   183 |   138 ||   410
